 Dungeon Crawl Stone Soup version 0.30-a0-459-g9104f0fc43 (webtiles) character file.

Game seed: 3685832783638898165

254 cforsyth the Ruffian (level 5, -4/53 HPs)
             Began as a Troll Fighter on Dec 15, 2022.
             Slain by an ogre
             ... wielding a +0 giant club
              (23 damage)
             ... on level 4 of the Dungeon.
             The game lasted 00:05:58 (2480 turns).

cforsyth the Ruffian (Troll Fighter)                Turns: 2480, Time: 00:05:59

Health: -4/53      AC:  4    Str: 24    XL:     5   Next: 91%
Magic:  4/4        EV:  8    Int:  6    God:
Gold:   203        SH:  7    Dex:  9    Spells: 4/4 levels left

rFire   + . .      SeeInvis .      - Unarmed
rCold   . . .      Faith    .    b - +0 kite shield
rNeg    . . .      Spirit   .    a - +0 robe
rPois   .          Reflect  .    (helmet restricted)
rElec   .          Harm     .    (no cloak)
rCorr   .          Rampage  .    (gloves unavailable)
Will    .....                    (boots unavailable)
Stlth   +.........               (no amulet)
HPRegen 1.08/turn                p - ring of protection from fire
MPRegen 0.09/turn                (no ring)

@: no status effects
A: large, unfitting armour, claws 3, regeneration 1, shaggy fur 1, tough skin 1
a: no special abilities


You were on level 4 of the Dungeon.
You visited 1 branch of the dungeon, and saw 4 of its levels.

You collected 203 gold pieces.

Inventory:

Armour
 a - a +0 robe (worn)
 b - a +0 kite shield (worn)
Jewellery
 p - a ring of protection from fire (left claw)
Wands
 k - a wand of roots (2)
 q - a wand of paralysis (3)
Scrolls
 d - 7 scrolls of identify {unknown}
 e - 2 scrolls of enchant weapon {unknown}
 h - a scroll of magic mapping {unknown}
 i - a scroll of summoning {unknown}
 j - a scroll of enchant armour {unknown}
 o - a scroll of noise {unknown}
Potions
 c - a potion of might
 f - 3 potions of lignification {unknown}
 g - 2 potions of attraction {unknown}
 l - a potion of degeneration {unknown}
 m - 2 potions of curing {unknown}
 n - a potion of ambrosia {unknown}


   Skills:
 + Level 3.4 Fighting
 - Level 2.6 Dodging
 + Level 3.8 Shields
 * Level 4.4 Unarmed Combat


You had 4 spell levels left.
You didn't know any spells.
Your spell library was empty.

Dungeon Overview and Level Annotations

Branches:
Dungeon (4/15)
 Temple: D:4-7

Altars:


Innate Abilities, Weirdness & Mutations

You are too large for most types of armour.
You have claws for hands.
Your natural rate of healing is unusually fast.
You are covered in fur. (AC +1)
You have tough skin. (AC +1)


Message History

You claw the gnoll!
The gnoll is heavily wounded.
The gnoll hits you with a +0 flail.
You claw the gnoll!
You kill the gnoll!
You see here a +0 flail.
There is a stone staircase leading down here.
You climb downwards.
There is a stone staircase leading up, spattered with blood here.
You are too injured to fight recklessly!
You are too injured to fight recklessly!
The gnoll hits you from afar with a +1 vampiric spear.
You block the gnoll's attack.
You claw the gnoll!
The gnoll is almost dead.
You block the gnoll's attack.
You scratch the gnoll.
You kill the gnoll!
Things that are here:
a +1 vampiric spear; a gnoll corpse HP restored.
There is an open door here.
An ogre comes into view. It is wielding a +0 giant club.
An ogre is nearby!
An ogre is nearby!
The ogre hits you with a +0 giant club!!
Ouch! That really hurt!
You are too injured to fight recklessly!
You are too injured to fight recklessly!
You are too injured to fight recklessly!
You are too injured to fight recklessly!
You are too injured to fight recklessly!
You are too injured to fight recklessly!
You are too injured to fight recklessly!
You are too injured to fight recklessly!
You are too injured to fight recklessly!
You claw the ogre!
The ogre is moderately wounded.
The ogre hits you with a +0 giant club!!
You die...

#.....#.......#
#.....'.......#
#.....#.......#
.#####.....#..####'#
.......<..##..##...#
..........#........#
..........+........#
......O...#........#
.......@..###+##'####
#######.............#
#.............#
#.............#
#.............#
#.............#
#.............#
#.....###'#####
#...(.#......#


You could see an ogre.

Vanquished Creatures
  An ogre (D:3)
  An orc wizard (D:3)
  3 gnolls
  3 adders
  2 worms (D:2)
  2 dart slugs
  5 orcs
  5 ball pythons
  5 endoplasms
  7 giant cockroaches
  4 goblins
  5 hobgoblins
  6 jackals
  8 kobolds
  4 quokkas
  5 bats
  3 frilled lizards
  2 rats (D:1)
71 creatures vanquished.

Notes
Turn   | Place    | Note
-------+----------+-------------------------------------------
     0 | D:1      | cforsyth the Troll Fighter began the quest for the Orb.
     0 | D:1      | Reached XP level 1. HP: 22/22 MP: 0/0
   118 | D:1      | Reached XP level 2. HP: 19/29 MP: 1/1
   568 | D:1      | You fall into a shaft and drop 1 floor!
   618 | D:2      | Reached XP level 3. HP: 34/36 MP: 2/2
  1051 | D:2      | Reached skill level 3 in Unarmed Combat
  1302 | D:2      | Reached XP level 4. HP: 44/44 MP: 3/3
  1847 | D:3      | Found a faded altar of an unknown god.
  1895 | D:3      | Noticed an ogre
  1904 | D:3      | Killed an ogre
  1905 | D:3      | Reached skill level 4 in Unarmed Combat
  1905 | D:3      | Reached XP level 5. HP: 32/53 MP: 4/4
  2476 | D:4      | Noticed an ogre
  2480 | D:4      | Slain by an ogre

Illustrated notes

Levels and vault maps discovered:
D:1:      lightli_arrival_isolated_outpost, layout_loops_ring
D:2:      layout_basic, kennysheep_flooded_box
D:3:      layout_basic, basic_ecumenical_altar
D:4:      layout_gridville, nrook_mini_backslash

Skill      XL: |  1  2  3  4 |
---------------+-------------+-----
Shields        | 3 |  3.8
Unarmed Combat | 3 4 |  4.4
Fighting       | 3 |  3.4
Dodging        | |  2.6

Action                   |  1- 3 |  4- 6 || total
-------------------------+-------+-------++-------
Melee: Unarmed           |   103 |    92 ||   195
 Stab: Sleeping          |     1 |     2 ||     3
       Distracted        |     1 |       ||     1
Armor: Robe              |    29 |    42 ||    71
Dodge: Dodged            |    29 |    31 ||    60
Block: Kite shield       |    33 |    42 ||    75

Table legend: (Time is in decaauts)
 A = Elapsed time spent in this place.
 B = Non-inter-level travel time spent in this place.
 C = Inter-level travel time spent in this place.
 D = Time resting spent in this place.
 E = Time spent auto-exploring this place.
 F = Levels seen in this place.
 G = Mean time per level.
                   A        B        C        D        E       F      G
               +--------+--------+--------+--------+--------+-----+--------+
         Total |   2498 |   2343 |    155 |      0 |   1819 |   4 |  624.5 |
       Dungeon |   2498 |   2343 |    155 |      0 |   1819 |   4 |  624.5 |
               +--------+--------+--------+--------+--------+-----+--------+

Top non-repeatable levels by time:
     D:2: 1071 daAuts
     D:1: 692 daAuts
     D:3: 547 daAuts
     D:4: 187 daAuts
